← All builds
Geo / Armada / Economy first / OBSERVED BUILD

Standard geo

Armada Geo build order · Supreme Isthmus

The role's usual economy-first play: geothermal into T2 constructor and Advanced Geothermal, then T2 units like Starlight brought to front for the team.

Usually blows up the commander for T2 (72%)

#eco #t2 #team support · 1310 distinct matches · 230 players · 55% of Armada Geo games · team won 55% of 1529 · Recently observed

HOW TO PLAY IT

Key timing: T2 constructor by 4:55

  1. Open 2 mex and wind, then Bot Lab by 0:35.
  2. Rush geothermal powerplant to fund T2 ahead of other roles.
  3. Get T2 constructor out to start building T2 units.
  4. Add Vehicle Plant and Advanced Geothermal for the T2 push.
  5. Fly first Starlight to front with a transport from Air.

Phase by phase

TYPICAL OF ITS 1310 GAMES
  1. 1
  2. 2
  3. 3
  4. 4
PLAY THE OPENING

Follow the example game's first 6:00 step by step: what to build now, what comes next, and where it goes. At 1× it keeps pace with your own game.

  1. 1

    Up to the Bot Lab

    Economy
    • Metal Extractor3Mex
    • Wind Turbine4Wind
    Order
    1. Bot LabBot Lab after 3 mex, 4 winddone ~1:11, middle half 0:58–1:21

    By 0:55 in all: 3 mex · 4 wind

    The example game in this phase · 4 steps
    1. Mex ×2
    2. Wind ×2
    3. Mex
    4. Bot LabBot Labdone 1:04 · typical 1:11
  2. 2

    Bot Lab to 5:00

    Economy
    • Metal Extractor2Mex
    • Wind Turbine3Wind
    • Energy Converter8Converter
    • Energy Storage1Energy storage
    Order
    1. Geothermal PowerplantGeo after 4 mex, 5 wind, 1 energy storage
    2. Bot LabEat Bot Lab
    Builders
    • Construction Turret5 Con turret
    • Lazarus4 Lazarus
    • Construction Bot2 Con bot
    • Construction Bot1 Con bot for allies
    • Lazarus1 Lazarus for allies

    By 5:00 in all: 4 mex · 7 wind · 1 geo · 8 converter · 1 energy storage · 5 con turret

    The example game in this phase · 17 steps
    1. LazarusLazarus ×2
    2. Wind ×3
    3. Construction BotCon bot
    4. LazarusLazarus
    5. Construction BotCon botfor Air
    6. LazarusLazarus
    7. Con turret
    8. Mex
    9. LazarusLazarus
    10. Energy storage
    11. Wind ×5
    12. Con turret
    13. Wind ×3
    14. Advanced Bot LabAdvanced Bot Labdone 4:16
    15. Bot LabEat Bot Labreclaimed for its metal
    16. Advanced Construction BotT2 con botfor Geo
    17. FatboyFatboyfor Ponddone 5:03
  3. 3

    5:00 to Vehicle Plant

    Order
    1. Advanced Geothermal PowerplantAdvanced Geothermal Powerplant after 8 wind, 10 converter, 6 con turretin 57% of games
    2. Vehicle PlantVehicle Plant after 9 wind, 10 converter, 6 con turretdone ~7:06, middle half 6:39–7:32

    Some games also: con turret (49%) · converter (49%) · wind (41%)

    By 6:56 in all: 4 mex · 9 wind · 1 geo · 1 Advanced Geothermal Powerplant · 10 converter · 1 energy storage

    The example game in this phase · 6 steps
    1. Advanced Construction BotT2 con botfor Geo sea
    2. Advanced Metal ExtractorT2 mexdone 6:33 · typical 5:38
    3. Advanced Construction BotT2 con bot
    4. Advanced Metal ExtractorT2 mex ×2
    5. Converter
    6. ButlerButler ×2
  4. 4

    Vehicle Plant to 10:00

    Economy
    • Wind Turbine5Wind
    • Energy Converter4Converter
    Order
    1. Advanced Vehicle PlantAdvanced Vehicle Plant after 10 wind, 11 converter, 6 con turret
    2. Vehicle PlantEat Vehicle Plant
    Builders
    • Construction Vehicle1 Con vehicle
    • Advanced Construction Vehicle1 T2 con vehicle for allies
    Army
    • Starlight2 Starlight
    • Umbra1 Jammer
    • Prophet1 Radar vehicle

    Some games also: con turret (48%) · Jaguar (36%)

    By 10:00 in all: 4 mex · 18 wind · 1 geo · 1 Advanced Geothermal Powerplant · 16 converter · 1 energy storage

    The example game in this phase · 137 steps
    1. Advanced Metal ExtractorT2 mex
    2. Advanced Construction BotT2 con bot ×4for Beach sea
    3. Wind
    4. Energy storage
    5. Wind
    6. ButlerButler
    7. Wind
    8. Con turret
    9. ButlerButler
    10. Wind ×2
    11. ButlerButler
    12. Energy storage
    13. Wind
    14. Con turret
    15. ButlerButler
    16. Wind
    17. Con turret
    18. ButlerButler
    19. Wind
    20. Con turret
    21. ButlerButler
    22. Wind
    23. Con turret
    24. Wind ×3
    25. Advanced Construction BotT2 con botfor Suicide front
    26. Wind ×2
    27. Converter
    28. Wind ×2
    29. Metal storage
    30. Advanced Construction BotT2 con bot
    31. Converter
    32. Wind ×3
    33. Converter
    34. ButlerButler
    35. Wind ×3
    36. ButlerButler
    37. Wind ×3
    38. Converter
    39. Wind ×3
    40. Converter
    41. Wind ×6
    42. Converter
    43. UmbrellaAnti-nukedone 11:01
    44. Wind ×4
    45. Converter
    46. Wind ×6
    47. Converter
    48. Wind ×3
    49. Converter
    50. Wind ×6
    51. Converter
    52. Wind ×2
    53. PlatypusPlatypus
    54. Wind ×3
    55. Converter
    56. Wind
    57. Fusion ReactorFusiondone 12:21
    58. Wind ×3
    59. Converter
    60. Wind ×4
    61. Converter
    62. Wind ×4
    63. Converter
    64. Wind ×8
    65. Converter
    66. Advanced Bot LabEat Advanced Bot Labreclaimed for its metal
    67. Wind ×4
    68. Converter
    69. Con turret
    70. Wind ×8
    71. Converter
    72. Wind ×4
    73. Con turret
    74. Wind ×2
    75. Con turret
    76. Converter
    77. Wind ×6
    78. Advanced Bot LabAdvanced Bot Labdone 13:21
    79. Converter
    80. Wind ×4
    81. Converter
    82. Wind
    83. Converter
    84. T2 converter
    85. Wind ×3
    86. Converter
    87. Wind ×4
    88. Converter
    89. Wind ×4
    90. Converter
    91. Wind ×4
    92. T2 converter
    93. Wind ×4
    94. Converter
    95. PlatypusPlatypus
    96. Wind ×4
    97. Converter
    98. Wind ×4
    99. PlatypusPlatypus ×2
    100. Wind ×4
    101. Converter
    102. PlatypusPlatypus
    103. Wind
    104. PlatypusPlatypus
    105. Wind ×3
    106. Con turret
    107. Converter
    108. PlatypusPlatypus
    109. Wind
    110. Con turret
    111. Wind ×3
    112. Con turret
    113. Wind ×4
    114. PlatypusPlatypus
    115. Con turret
    116. Converter
    117. Con turret
    118. Wind ×2
    119. PlatypusPlatypus
    120. Wind ×2
    121. PlatypusPlatypus
    122. Wind
    123. PlatypusPlatypus
    124. Converter
    125. Wind ×3
    126. PlatypusPlatypus
    127. Wind ×2
    128. PlatypusPlatypus
    129. Converter
    130. Wind
    131. PlatypusPlatypus
    132. Wind ×2
    133. PlatypusPlatypus
    134. Converter
    135. Wind ×3
    136. PlatypusPlatypus
    137. Wind

Counts are medians over the build's games: half of them build more, half fewer. The example game is KingSizeCondom's (33 OS, 25/08/2026); pick another.

Team trades

IN AT LEAST 30% OF ITS GAMES

You hand over

  • Lazarus1 Lazarus to Beach seafirst at 2:17 · in 76% of games
  • Construction Bot1 Con bot to Beach seafirst at 2:27 · in 87% of games
  • Advanced Construction Vehicle1 T2 con vehicle to Suicide front or Frontfirst at 8:48 · in 63% of games

You get

  • Advanced Construction Bot1 T2 con bot from Techfirst at 4:52 · in 95% of games

How it plays out

Typical game of this build, running totals by minute

Metal produced

020k40k
0:005:0010:0015:00

metal

Enemy metal destroyed

05k10k15k
0:005:0010:0015:00

metal

Own metal lost

02k4k6k
0:005:0010:0015:00

metal

1529 games.

Show as table
ByMetal produced: This buildEnemy metal destroyed: This buildOwn metal lost: This build
1:0033300
2:0085500
3:00152700
4:00267200
5:00369500
6:00564300
7:00802500
8:001134300
9:00144064384
10:0017280480200
11:00201251745520
12:002300136141608
13:002573958262980
14:002858982224440
15:0031360101725610
WHAT THE NUMBERS SAY

Standard Geo play wins about half its games while destroying the most enemy metal by 15:00 among the roles shown here.

  • + Enemy metal destroyed jumps to 10560 by 15:00, highest of all six builds.
  • + Starlight makes up 34% of army, delivering the long-range T2 push.
  • − Own metal lost reaches 5977 by 15:00 from the aggressive T2 push.
  • − First Starlight only arrives in 60% of games, a late or inconsistent push.
THE EXAMPLE YOU ARE READING

KingSizeCondom

33.3 OS · 25/08/2026

Open source match ↗

2 received units
2886 metal received · 107200 energy received

Allied construction assistance is unknown. Timings are observations, not a promise of solo reproducibility.

Typical milestones

Bot Lab1:11Middle 50%: 0:58–1:21 · n=1528
Geothermal Powerplant3:29Middle 50%: 3:12–3:47 · n=1521
Advanced Metal Extractor5:38Middle 50%: 5:21–6:01 · n=1520
Vehicle Plant7:06Middle 50%: 6:39–7:32 · n=1479
Advanced Geothermal Powerplant7:11Middle 50%: 6:51–7:42 · n=1107
Advanced Vehicle Plant8:02Middle 50%: 7:40–8:33 · n=1414
Starlight9:03Middle 50%: 8:32–9:47 · n=1278

Played most by

0neTw0120games of this buildzeus_on_god117games of this buildXad54games of this buildTheGeneraI46games of this buildViltrum41games of this build